 Dungeon Crawl Stone Soup version 0.28.0-49-g6dfe1f597d (webtiles) character file.

Game seed: 9647027670006804714

40 nickcage the Cudgeller (level 3, -3/29 HPs)
             Began as a Demonspawn Abyssal Knight on May 11, 2022.
             Was a Follower of Lugonu.
             Slain by Sigmund
             ... wielding a +0 scythe
              (5 damage)
             ... on level 2 of the Dungeon.
             The game lasted 00:03:49 (1427 turns).

nickcage the Cudgeller (Demonspawn Abyssal Knight)  Turns: 1427, Time: 00:03:49

Health: -3/29      AC:  6    Str: 15    XL:     3   Next: 30%
Magic:  4/4        EV:  9    Int: 11    God:    Lugonu [*.....]
Gold:   77         SH:  4    Dex: 13    Spells: 2/2 levels left

rFire   . . .      SeeInvis .   a - +1 mace
rCold   . . .      Faith    .   (no shield)
rNeg    . . .      Spirit   .   j - +0 scale mail
rPois   +          Reflect  .   (no helmet)
rElec   .          Harm     .   (no cloak)
rCorr   .          Rampage  .   (no gloves)
Will    .....                   (no boots)
Stlth   ..........              (no amulet)
HPRegen 0.09/turn               c - ring of poison resistance
MPRegen 0.09/turn               (no ring)

@: no status effects
A: large bone plates 1, foul stench 1
a: Renounce Religion, Depart the Abyss


You were on level 2 of the Dungeon.
You worshipped Lugonu.
Lugonu was aware of your devotion.
You visited 1 branch of the dungeon, and saw 2 of its levels.
You visited the Abyss 1 time.

You collected 77 gold pieces.

Inventory:

Hand Weapons
 a - a +1 mace (weapon)
Armour
 b - a +0 leather armour
 j - a +0 scale mail (worn)
Jewellery
 c - a ring of poison resistance (left hand)
Scrolls
 f - a scroll of noise
Potions
 d - a potion of degeneration {unknown}
 h - a potion of attraction {unknown}
 i - a potion of curing {unknown}
 k - 2 potions of resistance {unknown}


   Skills:
 - Level 3.0 Fighting
 + Level 3.3 Maces & Flails
 - Level 1.7 Armour
 - Level 0.8 Dodging
 + Level 0.5 Shields
 - Level 2.4 Invocations


You had 2 spell levels left.
You didn't know any spells.
Your spell library contained the following spells:

 Spells                   Type           Power      Damage    Failure   Level
 Animate Dead             Necr           0%         N/A       100%        4
 Haunt                    Necr/Summ      0%         N/A       100%        7
 Infestation              Necr           0%         N/A       100%        8


Dungeon Overview and Level Annotations

Branches:
Dungeon (2/15)

Altars:
Elyvilon

Annotations:
D:2 Sigmund


Innate Abilities, Weirdness & Mutations

You are partially covered in large bone plates. (SH +4)
You may rarely emit foul miasma when damaged in melee.


Message History

You block something's attack.
There is a stone staircase leading up here.
You climb upwards.
Reactivating autopickup.
There is a stone staircase leading down here.
You start resting.
HP restored.
Okay, then.
As you read the scroll labelled DYSALI GOAVU, it crumbles to dust.
You hear a loud clanging noise!
It was a scroll of noise.
Okay, then.
As you read the scroll labelled OGRARUYFEE, it crumbles to dust.
You feel strangely unstable.
It was a scroll of teleportation.
As you read the scroll labelled TOROAGOUPP, it crumbles to dust.
Magic quickly surges around you.
It was a scroll of vulnerability.
Your surroundings suddenly seem different.
There is a stone staircase leading down here.
You climb downwards.
Level annotation: Sigmund
There is a stone staircase leading up here.
You feel your willpower return.
Sigmund shouts!
Sigmund hits you but does no damage.
You closely miss Sigmund. You barely miss Sigmund.
Sigmund points at you and mumbles some strange words.
The magic dart hits you!
Sigmund gestures wildly while chanting.
Sigmund flickers and vanishes!
Deactivating autopickup; reactivate with Ctrl-A.
You miss something. Something hits you but does no damage.
You hit something but do no damage. Something hits you but does no damage.
You sock something! You miss something. Something hits you!
You sock something! Something hits you.
You hit something. Something hits you!
* * * LOW HITPOINT WARNING * * *
You closely miss something. Something hits you.
You die...

♣.♣.P................ ♣
♣♣♣##..............
#..<...........
######..............
#...##..............
#.####........######
####.####........#
####................# .
#........@..........#
.###
#.......{.......#####
.(.# #...............#
#.#####.....<.........#
##...#.................#
.......................#
>.....####............##
#.....#####...........#
#####....######.##.##.#
^


There were no monsters in sight!

Vanquished Creatures
  3 dart slugs
  3 endoplasms (D:1)
  2 giant cockroaches (D:1)
  4 goblins
  3 kobolds
  6 quokkas
  2 ball pythons
  4 bats
  A frilled lizard (D:2)
  4 rats
32 creatures vanquished.

Notes
Turn   | Place    | Note
-------+----------+-------------------------------------------
     0 | Abyss:1  | nickcage the Demonspawn Abyssal Knight began the quest for
                  | the Orb.
     0 | Abyss:1  | Reached XP level 1. HP: 18/18 MP: 2/2
     0 | D:1      | Escaped the Abyss
    26 | D:1      | Reached * piety under Lugonu
   346 | D:1      | Gained mutation: You are partially covered in large bone
                  | plates. (SH +4) [demonic ancestry]
   346 | D:1      | Reached XP level 2. HP: 21/24 MP: 3/3
   881 | D:1      | Gained mutation: You may rarely emit foul miasma when
                  | damaged in melee. [demonic ancestry]
   881 | D:1      | Reached XP level 3. HP: 29/29 MP: 4/4
  1173 | D:2      | Noticed Sigmund
  1427 | D:2      | Slain by Sigmund

Illustrated notes

Levels and vault maps discovered:
D:1:      mrwooster_arrival_arrow, layout_rooms, serial_curves, eino_curves_02,
          eino_curves_03, serial_park_tiny_1
D:2:      cheibrodos_helix_gallery, layout_rooms,
          chequers_ecumenical_altar_simple_redux, basic_altar,
          minmay_misc_feat_columns, uniq_sigmund, uniq_crazy_yiuf_cottage

Skill      XL: |  1  2 |
---------------+-------+-----
Maces & Flails | 2 3 |  3.3
Fighting       | |  3.0
Armour         | |  1.7
Dodging        | |  0.8
Shields        | |  0.5
Invocations    | |  2.4

Action                   || total
-------------------------++-------
Melee: Mace              ||   103
Invok: Depart the Abyss  ||     1
  Use: Scroll            ||     3
 Stab: Sleeping          ||     1
Armor: Leather armour    ||    37
       Scale mail        ||    13
Dodge: Dodged            ||    53
Block: Other             ||    17
